[Event "European Women's Chess Championship (49-84)"]
[Site "Batumi, Georgia"]
[Date "2026.05.25"]
[Round "1.64"]
[White "Kalyoncu, Beren"]
[Black "Piddubna, Bozhena"]
[Result "0-1"]
[TimeControl "90min /40moves + 30min + 30-sec increment from move 1"]
[WhiteTitle "-"]
[BlackTitle "-"]
[WhiteFideId "51608383"]
[BlackFideId "34109293"]
[WhiteElo "1840"]
[BlackElo "2235"]

1. e4 e5 2. Nf3 Nc6 3. d4 exd4 4. Bc4 Nf6 5. e5 d5 6. Bb5 Nd7 7. O-O Be7 8. Bxc6 bxc6 9. Nxd4 Nb8 10.
Nc3 O-O 11. Qf3 a5 12. Re1 Ra6 13. Nf5 Bxf5 14. Qxf5 Qc8 15. Qxc8 Rxc8 16. Be3 Nd7 17. f4 a4 18. a3 Rb8 19.
Rab1 Bc5 20. Na2 Bf8 21. Nc3 g6 22. Kh1 Ra5 23. Bf2 Bh6 24. g3 Nf8 25. Red1 Ne6 26. Na2 Bf8 27. Be1 Rab5 28.
Nb4 c5 29. Nxd5 Rxb2 30. Rxb2 Rxb2 31. Nf6+ Kg7 32. Ba5 Be7 33. Rd7 Kf8 34. Nd5 Bd8 35. Ne3 Ke8 36. Rd3 Nd4 37. Bc3 Rb1+ 38.
Kg2 Nb5 39. Ba5 Ra1 40. Nc4 Ra2 41. Kh3 Rxc2 42. Ne3 Ra2 43. Nc4 h5 44. Bd2 Nd4 45. Bc3 Ne6 46. Bb2 Nf8 47. Rd2 Nd7 48.
Ne3 Nb6 49. Rc2 Be7 50. Nd1 Nd5 51. Rc4 Kd7 52. Rxa4 Nb6 53. Re4 Ke6 54. g4 hxg4+ 55. Kxg4 c4 56. Bd4 Nd5 57. Bb2 Nb6 58.
Bd4 Nd5 59. Bb2 Bxa3 60. Bxa3 Rxa3 61. Rxc4 Ra1 62. Rd4 Rxd1 0-1

[Event "European Women's Chess Championship (49-84)"]
[Site "Batumi, Georgia"]
[Date "2026.05.25"]
[Round "1.65"]
[White "Tsetskhladze, Mariam"]
[Black "Rekhviashvili, Mariam"]
[Result "1-0"]
[TimeControl "90min /40moves + 30min + 30-sec increment from move 1"]
[WhiteTitle "-"]
[BlackTitle "-"]
[WhiteFideId "13623834"]
[BlackFideId "13635859"]
[WhiteElo "2234"]
[BlackElo "1836"]

1. e4 e6 2. d4 d5 3. Nc3 dxe4 4. Nxe4 Nd7 5. Nf3 Ngf6 6. Nxf6+ Nxf6 7. Be3 Be7 8. Bd3 O-O 9. Qe2 b6 10.
O-O-O Bb7 11. Rhe1 Nd5 12. Kb1 a5 13. Ne5 Nb4 14. Bc4 Bd5 15. a3 Bxc4 16. Qxc4 Nd5 17. Qc6 Qd6 18. c4 Nf6 19.
Qf3 a4 20. Bf4 Qd8 21. Nc6 Qe8 22. Bxc7 Rc8 23. Nxe7+ Qxe7 24. Bxb6 Nd7 25. Ba5 Qg5 26. Bb4 Rfd8 27. d5 Ne5 28. Qe4 Nxc4 29. dxe6 Rxd1+ 30. Rxd1 Qf6 31. exf7+ Qxf7 32.
Qd5 Re8 33. Qxf7+ Kxf7 34. Rd4 Nb6 35. Bc5 Re1+ 36. Kc2 Re2+ 37. Kc3 Nc8 38. Rxa4 1-0

[Event "European Women's Chess Championship (49-84)"]
[Site "Batumi, Georgia"]
[Date "2026.05.25"]
[Round "1.66"]
[White "Nahapetyan, Ani"]
[Black "Kirtadze, Anastasia"]
[Result "0-1"]
[TimeControl "90min /40moves + 30min + 30-sec increment from move 1"]
[WhiteTitle "-"]
[BlackTitle "-"]
[WhiteFideId "13317776"]
[BlackFideId "13622714"]
[WhiteElo "1827"]
[BlackElo "2233"]

1. e4 c5 2. Nf3 d6 3. d4 cxd4 4.
Nxd4 Nf6 5. Nc3 a6 6. Bd3 e5 7. Nde2 Be7 8. O-O O-O 9. Ng3 Bg4 10. f3 Be6 11. Nd5 Nxd5 12. exd5 Bxd5 13.
Bxh7+ Kxh7 14. Qxd5 Nc6 15. Nf5 Rc8 16. c3 g6 17. Nxe7 Qb6+ 18. Kh1 Nxe7 19. Qe4 Nf5 20. g4 Ng7 21.
Qe3 Qc6 22. Qh6+ Kg8 23. Bg5 f6 24. Be3 Kf7 25. Qh3 Rh8 26. Qg2 Rh7 27. f4 Rch8 28. Bg1 e4 29. f5 gxf5 30. gxf5 Rh5 31.
Rf4 Nxf5 32. Raf1 Rg8 33. Rg4 Rxg4 34. Qxg4 e3+ 35. Rf3 Rg5 36. Qf4 Kg8 37. Bxe3 Nh4 38. Qxf6 Qxf3+ 39. Qxf3 Nxf3 40.
Bxg5 Nxg5 41. h4 Nf3 42. h5 Kg7 43. Kg2 Ne5 44. b4 Kh6 0-1

[Event "European Women's Chess Championship (49-84)"]
[Site "Batumi, Georgia"]
[Date "2026.05.25"]
[Round "1.67"]
[White "Orian, Noga"]
[Black "Chkhartishvili, Lika"]
[Result "1-0"]
[TimeControl "90min /40moves + 30min + 30-sec increment from move 1"]
[WhiteTitle "-"]
[BlackTitle "-"]
[WhiteFideId "2836475"]
[BlackFideId "13635166"]
[WhiteElo "2231"]
[BlackElo "1822"]

1. d4 d5 2. c4 e6 3. Nf3 Nf6 4. g3 Ne4 5. Bg2 Be7 6. O-O f5 7. Nc3 c6 8. Bf4 Nd7 9. Qc1 h6 10.
Ne5 g5 11. Be3 h5 12. Nxe4 dxe4 13. Ng6 Rg8 14. Nxe7 Qxe7 15. f3 exf3 16. Bxf3 g4 17. Bg2 Nf6 18. Bg5 Bd7 19. Bh4 Qg7 20.
Qf4 Rc8 21. Rad1 Nh7 22. e4 Rf8 23. Qd6 Rf7 24. exf5 Qf8 25. Qe5 Qh6 26. Rde1 Nf8 27. Qd6 Qh7 28. fxe6 Rxf1+ 29. Bxf1 Nxe6 30.
Rxe6+ Bxe6 31. Qxe6+ 1-0

[Event "European Women's Chess Championship (49-84)"]
[Site "Batumi, Georgia"]
[Date "2026.05.25"]
[Round "1.68"]
[White "Nadanyan, Kiti"]
[Black "Hryzlova, Sofiia"]
[Result "0-1"]
[TimeControl "90min /40moves + 30min + 30-sec increment from move 1"]
[WhiteTitle "-"]
[BlackTitle "-"]
[WhiteFideId "13316710"]
[BlackFideId "14174669"]
[WhiteElo "1801"]
[BlackElo "2226"]

1. e4 c5 2. Nc3 a6 3. g3 Nc6 4. Bg2 g6 5. d3 Bg7 6. Be3 d6 7. Nge2 Nf6 8. h3 O-O 9. Qd2 Nd4 10.
Nxd4 cxd4 11. Bxd4 Bd7 12. Be3 b5 13. O-O Rc8 14. f4 Qc7 15. a3 a5 16. Qf2 b4 17. axb4 axb4 18. Ra7 Qb8 19.
Nd1 e5 20. fxe5 dxe5 21. Bc5 Rfe8 22. g4 Be6 23. b3 Qb5 24. Be3 Qc6 25. Ra2 Rc7 26. Bb6 Rb7 27. Be3 Nd7 28. Nb2 Bf8 29.
Nc4 Bxc4 30. dxc4 Nc5 31. Qf6 Qc7 32. Rd1 Ne6 33. Kh2 Nf4 34. Bf3 Ne6 35. Bg2 Nd4 36. Kh1 Bc5 37. Bh6 Bf8 38.
Be3 Bg7 39. Qf2 Ra7 40. Rda1 Rea8 41. Rxa7 Rxa7 42. Rxa7 Qxa7 43. Bf1 Qa1 44. Kg2 Qc3 45. Bxd4 exd4 46. Qe2 Be5 47. Qf2 Kg7 48.
Bd3 Qa1 49. Qf1 Qa5 50. g5 Qc7 51. h4 Bf4 52. c5 Be5 53. Bc4 f6 54. Bd5 fxg5 55. hxg5 Qe7 56. Qc1 Qxc5 57. Qd2 Qe7 58.
Kh3 Qf8 59. Kg2 Qd8 60. Qc1 Qc8 61. Qd1 Qc3 62. Qd3 Qe1 63. Qf3 Qd2+ 64. Kf1 Qc1+ 65. Kf2 Qxc2+ 66. Kf1 Qc1+ 67. Ke2 Qxg5 68.
Qf7+ Kh6 69. Qf8+ Kh5 70. Qf3+ Qg4 71. Be6 Qxf3+ 72. Kxf3 Kg5 73. Bd7 Kh4 74. Be8 g5 75. Bd7 h5 76. Kg2 g4 77. Bb5 Kg5 78.
Be8 h4 79. Bd7 Kf4 80. Be6 h3+ 81.
Kf1 Kf3 82. Kg1 d3 0-1

[Event "European Women's Chess Championship (49-84)"]
[Site "Batumi, Georgia"]
[Date "2026.05.25"]
[Round "1.69"]
[White "Kubicka, Anna"]
[Black "Gharibyan, Mane"]
[Result "1-0"]
[TimeControl "90min /40moves + 30min + 30-sec increment from move 1"]
[WhiteTitle "-"]
[BlackTitle "-"]
[WhiteFideId "1152254"]
[BlackFideId "13306430"]
[WhiteElo "2226"]
[BlackElo "1776"]

1. e4 c5 2. Nc3 d6 3. d4 cxd4 4. Qxd4 a6 5. Be3 Nc6 6. Qc4 Nf6 7. Nd5 Nd7 8. Qb3 e6 9. Nb6 Nxb6 10.
Bxb6 Qh4 11. Qe3 Be7 12. Nf3 Qf6 13. O-O-O O-O 14. g4 Bd8 15. Bxd8 Rxd8 16. g5 Qe7 17. h4 e5 18. h5 Bg4 19.
g6 Rac8 20. Bc4 Qf6 21. Bxf7+ Kh8 22. h6 Qxf3 23. hxg7+ Kxg7 24. Qh6+ Kf6 25. Qh4+ Kg7 26. Qxh7+ Kf6 27. Bb3 Rh8 28.
Qf7+ Kg5 29. Qxf3 Bxf3 30. Rdg1+ Bg4 31. Rxh8 Rxh8 32. g7 Rd8 33. f3 Ne7 34. Rxg4+ Kf6 35. g8=Q 1-0

[Event "European Women's Chess Championship (49-84)"]
[Site "Batumi, Georgia"]
[Date "2026.05.25"]
[Round "1.70"]
[White "Saltkhutsishvili, Sara"]
[Black "Sieber, Fiona"]
[Result "0-1"]
[TimeControl "90min /40moves + 30min + 30-sec increment from move 1"]
[WhiteTitle "-"]
[BlackTitle "-"]
[WhiteFideId "13636995"]
[BlackFideId "12902373"]
[WhiteElo "1763"]
[BlackElo "2224"]

1. e4 c5 2. Nf3 d6 3. d4 cxd4 4. Nxd4 Nf6 5. Nc3 a6 6. h3 b5 7. Bd3 Bb7 8. Qe2 e6 9. O-O Be7 10.
a4 b4 11. Na2 O-O 12. Bg5 Qb6 13. Nb3 a5 14. Nd2 Nbd7 15. Be3 Qc7 16. c3 d5 17. Bg5 Rfd8 18. exd5 Bxd5 19. Ne4 Qb7 20.
Nxf6+ Nxf6 21. f3 Nh5 22. Bxe7 Qxe7 23. Rfd1 Qg5 24. c4 Nf4 25. Qf1 Bc6 26. Nc1 Nxh3+ 27. Kh1 Qh5 28. Rd2 Ng5+ 29.
Kg1 Bxf3 30. Rf2 Bc6 31. Ne2 Nh3+ 32. gxh3 Rxd3 33. Nf4 Qg5+ 34. Rg2 Bxg2 35. Nxg2 Rad8 36. h4 Qc5+ 37. Kh2 Qxc4 38.
Rc1 Qd4 39. Qf4 Qxf4+ 0-1

[Event "European Women's Chess Championship (49-84)"]
[Site "Batumi, Georgia"]
[Date "2026.05.25"]
[Round "1.71"]
[White "Mamedjarova, Turkan"]
[Black "Kalayci, Nino"]
[Result "1-0"]
[TimeControl "90min /40moves + 30min + 30-sec increment from move 1"]
[WhiteTitle "-"]
[BlackTitle "-"]
[WhiteFideId "13402005"]
[BlackFideId "13603221"]
[WhiteElo "2222"]
[BlackElo "1755"]

1. d4 d5 2. Nf3 Nf6 3. c4 e6 4. e3 c6 5. Nc3 dxc4 6. Bxc4 b5 7. Bd3 a6 8. O-O Be7 9. e4 Bb7 10.
e5 Nd5 11. Nxd5 Qxd5 12. Bg5 Bxg5 13. Nxg5 f5 14. Qh5+ g6 15. Qh3 Nd7 16. a4 h6 17. Bc2 c5 18. dxc5 Qxg2+ 19. Qxg2 Bxg2 20. Kxg2 hxg5 21. axb5 Nxc5 22.
b4 Nd7 23. bxa6 Ke7 24. b5 Rhc8 25. Bd3 Nb6 26. Rfc1 Nd5 27. Bf1 Nf4+ 28. Kg1 Nd5 29. Bg2 Rcb8 30. Rc5 Rb6 31. Bxd5 exd5 32.
Rd1 1-0

[Event "European Women's Chess Championship (49-84)"]
[Site "Batumi, Georgia"]
[Date "2026.05.25"]
[Round "1.72"]
[White "Saraci, Rinesa"]
[Black "Rodshtein, Tereza"]
[Result "0-1"]
[TimeControl "90min /40moves + 30min + 30-sec increment from move 1"]
[WhiteTitle "-"]
[BlackTitle "-"]
[WhiteFideId "4701976"]
[BlackFideId "325449"]
[WhiteElo "1754"]
[BlackElo "2218"]

1. e4 e5 2. Nf3 Nc6 3. Bc4 Nf6 4. Nc3 Nxe4 5. Bxf7+ Kxf7 6. Nxe4 d5 7. Neg5+ Kg8 8. c3 h6 9.
Nh3 e4 10. Nfg1 Ne5 11. d4 Nd3+ 12. Kf1 Qf6 13. Be3 Nxb2 14. Qb3 Nc4 15. Ke1 Bd6 16. Qd1 a5 17. Rb1 b6 18. Qa4 Kh7 19.
Qd1 Rf8 20. Qe2 Ba6 21. Rc1 Ba3 22. Rc2 Nb2 23. Qh5 Bd3 24. Rd2 Nc4 25. Rxd3 exd3 26. Nf3 Rae8 27. Qxd5 Nxe3 28. fxe3 Rxe3+ 29. Kd2 Re2+ 30. Kxd3 Rxg2 31. Rf1 Qg6+ 32. Kc4 b5+ 33. Qxb5 Qe6+ 34. Qd5 Qe2+ 35. Kb3 Qxa2+ 0-1

[Event "European Women's Chess Championship (49-84)"]
[Site "Batumi, Georgia"]
[Date "2026.05.25"]
[Round "1.73"]
[White "Danielyan, Lilia"]
[Black "Tirpan, Ceren"]
[Result "0-1"]
[TimeControl "90min /40moves + 30min + 30-sec increment from move 1"]
[WhiteTitle "-"]
[BlackTitle "-"]
[WhiteFideId "13319841"]
[BlackFideId "26385309"]
[WhiteElo "1728"]
[BlackElo "2209"]

1. d4 Nf6 2. c4 d6 3. Nc3 e5 4. d5 e4 5. g3 Bf5 6. Bg2 Be7 7. Nh3 h6 8. f3 O-O 9. fxe4 Bxh3 10.
Bxh3 Nfd7 11. O-O Bf6 12. Be3 Bxc3 13. bxc3 Qe7 14. Qd2 Nc5 15. Rf4 Nxe4 16. Rxe4 Qxe4 17. Rf1 Re8 18. Bd4 c5 19.
Bf2 Re7 20. Bg2 Qxc4 21. Be3 Qg4 22. Rf4 Qg6 23. Bh3 Qb1+ 24. Rf1 Qe4 25. Rf3 Re5 26. Kf2 Rxd5 27. Qb2 Rh5 28. Rf4 Qe7 29.
Bg2 Nc6 30. h3 Re8 31. Re4 Re5 32. Rxe5 Nxe5 33. Bf4 Nc4 34. Qc2 Ne3 35. Bxe3 Qxe3+ 36. Kf1 Qxg3 37. Bxb7 Re6 38. Bf3 Qxh3+ 39. Kf2 Qh2+ 40. Ke1 Qg1+ 41. Kd2 Qe3+ 42. Kd1 Rg6 0-1

[Event "European Women's Chess Championship (49-84)"]
[Site "Batumi, Georgia"]
[Date "2026.05.25"]
[Round "1.74"]
[White "Bashylina, Luisa"]
[Black "Manukyan, Tamara"]
[Result "1-0"]
[TimeControl "90min /40moves + 30min + 30-sec increment from move 1"]
[WhiteTitle "-"]
[BlackTitle "-"]
[WhiteFideId "12983292"]
[BlackFideId "13321307"]
[WhiteElo "2208"]
[BlackElo "1707"]

1. d4 e6 2. c4 b6 3. Nc3 Bb4 4. e4 Bb7 5. f3 f5 6. exf5 exf5 7. Nh3 Qh4+ 8. g3 Qe7+ 9. Kf2 Nf6 10.
Bd3 O-O 11. Nb5 Na6 12. a3 c6 13. Nc3 Bxc3 14. bxc3 Rae8 15. a4 Ne4+ 16. Kg2 Nxc3 17. Qd2 Ne4 18. fxe4 fxe4 19. Bb1 c5 20.
d5 Nb4 21. Re1 e3 22. Qe2 Nxd5 23. cxd5 Qe5 24. Qd3 Qxa1 25. Qxh7+ Kf7 26. Qg6+ Ke7 27. Rxe3+ Kd8 28. Rxe8+ Rxe8 29.
Bg5+ Kc7 30. Qxe8 Qb2+ 31. Nf2 Bxd5+ 32. Be4 Bc6 33. Bf4+ 1-0

[Event "European Women's Chess Championship (49-84)"]
[Site "Batumi, Georgia"]
[Date "2026.05.25"]
[Round "1.75"]
[White "Kedelidze, Aneta"]
[Black "Hnatyshyn, Anastasiia"]
[Result "0-1"]
[TimeControl "90min /40moves + 30min + 30-sec increment from move 1"]
[WhiteTitle "-"]
[BlackTitle "-"]
[WhiteFideId "13626191"]
[BlackFideId "14198339"]
[WhiteElo "1676"]
[BlackElo "2207"]

1. d4 d5 2. c4 e6 3. Nf3 Nf6 4. Nc3 Nbd7 5. Bf4 dxc4 6. e3 Bd6 7. Bxd6 cxd6 8. Bxc4 O-O 9. O-O b6 10.
Rc1 Bb7 11. Bd3 e5 12. dxe5 dxe5 13. Bb1 Rc8 14. Qe2 Qe7 15. Rfd1 Rfd8 16. h3 Nc5 17. Rxd8+ Rxd8 18. Rd1 Re8 19.
b4 Nce4 20. Nxe4 Nxe4 21. Qd3 g6 22. a3 Kg7 23. Rc1 Rd8 24. Qb5 Nc3 25. Qc4 Rc8 26. Qd3 Ne2+ 0-1

[Event "European Women's Chess Championship (49-84)"]
[Site "Batumi, Georgia"]
[Date "2026.05.25"]
[Round "1.76"]
[White "Ibrahimova, Sabina"]
[Black "Chanturia, Lika"]
[Result "1-0"]
[TimeControl "90min /40moves + 30min + 30-sec increment from move 1"]
[WhiteTitle "-"]
[BlackTitle "-"]
[WhiteFideId "13403893"]
[BlackFideId "13618857"]
[WhiteElo "2205"]
[BlackElo "1649"]

1. Nf3 Nf6 2. c4 g6 3. Nc3 Bg7 4. e4 d6 5. d4 Nc6 6. d5 Nb8 7. Be2 a5 8. O-O O-O 9. Be3 Na6 10.
Qc2 e5 11. dxe6 Bxe6 12. Rad1 Qe7 13. Bg5 h6 14. Bh4 Nc5 15. Nd4 g5 16. Bg3 Bd7 17. Rfe1 Rfe8 18. Bf1 Nh5 19. Nd5 Qd8 20.
Nf5 Bxf5 21. exf5 Qd7 22. b3 Nf6 23. Ne3 Nfe4 24. Be2 Nc3 25. Rc1 Nxe2+ 26. Rxe2 Ne4 27. Rce1 Nc3 28. Rd2 a4 29.
b4 a3 30. Rd3 Ne4 31. Red1 Qa4 32. Rb3 Bb2 33. Nd5 Qd7 34. Rbd3 Rac8 35. Ne3 Qc6 36. Qb3 Nf6 37. h4 Re4 38.
hxg5 hxg5 39. f3 Re7 40. Bf2 Rce8 41. c5 dxc5 42. b5 Qb6 43. Nc4 Qa7 44. Nxb2 axb2 45. Qxb2 Kg7 46. Qc1 Nh7 47.
Bxc5 Qxa2 48. Bxe7 Rxe7 49. Qc3+ Nf6 50.
Qc1 Nh7 51. b6 Qa5 52. Qb2+ Nf6 53. bxc7 Rxc7 54. g4 Qc5+ 55. Kf1 Qc4 56. Qd2 Nh7 57. Qe3 Rd7 58. Kg2 Rxd3 59. Rxd3 Qc2+ 60. Rd2 Qc4 61. Qe5+ Nf6 62.
Rd6 Qc2+ 63. Kh3 1-0

[Event "European Women's Chess Championship (49-84)"]
[Site "Batumi, Georgia"]
[Date "2026.05.25"]
[Round "1.77"]
[White "Ediberidze, Alexandra"]
[Black "Aydin, Gulenay"]
[Result "0-1"]
[TimeControl "90min /40moves + 30min + 30-sec increment from move 1"]
[WhiteTitle "-"]
[BlackTitle "-"]
[WhiteFideId "13636685"]
[BlackFideId "34557431"]
[WhiteElo "1638"]
[BlackElo "2204"]

1. d4 Nf6 2. Nc3 d5 3. Bf4 e6 4.
Nb5 Na6 5. e3 Be7 6. Nf3 O-O 7. Bd3 c6 8. Nc3 Qb6 9. Rb1 c5 10. Bxa6 bxa6 11. O-O Bd7 12. Ne5 Be8 13. Re1 Rc8 14.
a3 a5 15. h3 Qb7 16. Qd3 Ne4 17. Nxe4 dxe4 18. Qb3 Qa6 19. Rbc1 f6 20. Ng4 h5 21. Nxf6+ gxf6 22. Bh6 a4 23.
Qa2 Rf7 24. Bf4 Rg7 25. Kh1 Bf7 26. Qb1 Bd6 27. Bxd6 Qxd6 28. c3 Qd5 29. Rcd1 Qf5 30. Qc2 Kh8 31. dxc5 Rcg8 32. Rg1 Rxg2 33.
Rxg2 Qxh3+ 34. Kg1 Qxg2# 0-1

[Event "European Women's Chess Championship (49-84)"]
[Site "Batumi, Georgia"]
[Date "2026.05.25"]
[Round "1.78"]
[White "Antova, Gabriela"]
[Black "Asatiani, Natali"]
[Result "1-0"]
[TimeControl "90min /40moves + 30min + 30-sec increment from move 1"]
[WhiteTitle "-"]
[BlackTitle "-"]
[WhiteFideId "2915235"]
[BlackFideId "13636715"]
[WhiteElo "2203"]
[BlackElo "1603"]

1. d4 Nf6 2. Nf3 e6 3. g3 d5 4. Bg2 Bd6 5. O-O O-O 6. b3 b6 7. c4 Bb7 8. Nc3 c5 9. cxd5 exd5 10.
Bg5 Be7 11. Rc1 Na6 12. dxc5 bxc5 13. Nh4 Qd7 14. Bxf6 Bxf6 15. Nxd5 Bd4 16. Nc3 Bxg2 17. Nxg2 Qb7 18. e3 Bf6 19.
Qd5 Qc7 20. Ne4 Be7 21. Qc4 Qb7 22. Nf4 Rfd8 23. Rfd1 Rxd1+ 24. Rxd1 Qb4 25. Nd5 Qxc4 26. bxc4 Bf8 27. Rb1 Rb8 28.
Rb5 f5 29. Nec3 Bd6 30. Ra5 Nb4 31. Rxa7 Nxd5 32. Nxd5 Kf8 33. a4 Rb1+ 34. Kg2 Rc1 35. Nb6 Rb1 36. a5 Kg8 37. Nd5 Rc1 38.
Rd7 Be5 39. a6 Ra1 40. a7 Kf8 41. Rd8+ 1-0

[Event "European Women's Chess Championship (49-84)"]
[Site "Batumi, Georgia"]
[Date "2026.05.25"]
[Round "1.79"]
[White "Xing, Lida"]
[Black "Siekanska, Maria"]
[Result "0-1"]
[TimeControl "90min /40moves + 30min + 30-sec increment from move 1"]
[WhiteTitle "-"]
[BlackTitle "-"]
[WhiteFideId "13326171"]
[BlackFideId "21852650"]
[WhiteElo "1598"]
[BlackElo "2203"]

1. e4 c5 2. Nf3 d6 3. d4 cxd4 4. Nxd4 Nf6 5. Nc3 Nc6 6. Bc4 e6 7. Be3 Be7 8. Qe2 a6 9. Bb3 Nxd4 10.
Bxd4 b5 11. O-O-O Bb7 12. f4 b4 13. Na4 O-O 14. Nb6 Rb8 15. Ba4 Nxe4 16. Nd7 Qa5 17. b3 Rbc8 18. Qg4 g6 19. Bb6 Qf5 20.
Qxf5 gxf5 21. Nxf8 Kxf8 22. Bd7 Rb8 23. Bc7 Ra8 24. Rd4 a5 25. Re1 Ra7 26. Bb8 Ra6 27. Bb5 Ra8 28. Bc7 Nc3 29.
Bf1 Nd5 30. Rxd5 Bxd5 31. Rd1 a4 32. g3 axb3 33. axb3 Rc8 34. Ba5 Bxb3 35. Bd3 d5 36. Kd2 Bc4 37. Rb1 Bxd3 38. Kxd3 Rc3+ 39.
Kd2 Rc4 40. c3 bxc3+ 41. Bxc3 d4 42. Ba1 Ra4 43. Kd3 Ra3+ 44. Kd2 Bb4+ 45. Rxb4 Rxa1 46. Rxd4 Ra2+ 47. Ke3 Rxh2 48. Rd1 Ke7 49.
Kf3 f6 50. Re1 Kf7 51. Re3 h6 52. Re1 h5 53. Re3 h4 54. Re1 Rh3 55. Kf2 Rxg3 56. Rh1 Rg4 0-1

[Event "European Women's Chess Championship (49-84)"]
[Site "Batumi, Georgia"]
[Date "2026.05.25"]
[Round "1.80"]
[White "Rudzinska, Michalina"]
[Black "Chighvaria, Ana"]
[Result "1-0"]
[TimeControl "90min /40moves + 30min + 30-sec increment from move 1"]
[WhiteTitle "-"]
[BlackTitle "-"]
[WhiteFideId "1172883"]
[BlackFideId "13628666"]
[WhiteElo "2200"]
[BlackElo "1518"]

1. e4 c5 2. Nf3 Nc6 3. d4 cxd4 4. Nxd4 g6 5. c4 Bg7 6. Be3 Nf6 7. Nc3 Ng4 8. Qxg4 Bxd4 9. Bxd4 Nxd4 10.
O-O-O e5 11. Qg3 d6 12. f4 f6 13. h4 Be6 14. h5 g5 15. fxg5 fxg5 16. Kb1 Qf6 17. Ne2 Nxe2 18. Bxe2 O-O-O 19. Qa3 Qf2 20. Rhe1 Qb6 21. Qg3 h6 22. c5 Qa5 23. b3 dxc5 24. Qxe5 Bd7 25. Rc1 b6 26. Red1 Bc6 27. Bg4+ Kb7 28.
Qe7+ Bd7 29. Rxd7+ Rxd7 30. Qxd7+ Kb8 31. Qd6+ Kb7 32. Qd5+ Ka6 33. Be2+ b5 34. a4 c4 35. axb5+ Kb6 36.
Qc6# 1-0

[Event "European Women's Chess Championship (49-84)"]
[Site "Batumi, Georgia"]
[Date "2026.05.25"]
[Round "1.82"]
[White "Kochavi, Dana"]
[Black "Casadevall Mainau, Iraida"]
[Result "1-0"]
[TimeControl "90min /40moves + 30min + 30-sec increment from move 1"]
[WhiteTitle "-"]
[BlackTitle "-"]
[WhiteFideId "2837137"]
[BlackFideId "54543142"]
[WhiteElo "2209"]
[BlackElo "1729"]

1. e4 e5 2. Nf3 Nc6 3. Bb5 a6 4. Ba4 Nf6 5. O-O Be7 6. Re1 b5 7. Bb3 d6 8. c3 O-O 9. h3 Nb8 10. d4 Bb7 11. Nbd2 Re8 12. Bc2 Bf8 13. Nf1 Nbd7 14. Ng3 a5 15. Bd3 b4 16. Qb3 Ba6 17. Bxa6 Rxa6 18. Bd2 bxc3 19. bxc3 c6 20. Rab1 Rb6 21. Qa4 Rxb1 22. Rxb1 Qc7 23. c4 exd4 24. Nxd4 Nxe4 25. Nxe4 Rxe4 26. Nxc6 Nc5 27. Qb5 a4 28. Be3 Qd7 29. Nb4 Qe6 30. Nd5 h6 31. Rd1 g5 32. Kf1 g4 33. hxg4 Qxg4 34. Nf6+ 1-0